[Event "Early-Titled-Tuesday-Blitz-May-28-2024"]
[Site "Chess.com"]
[Date "2024.05.28"]
[Round "10"]
[White "Giantgoogachess"]
[Black "betta2004"]
[Result "1-0"]
[WhiteElo "2401"]
[BlackElo "2586"]
[TimeControl "180+1"]
[EndTime "9:59:16 PDT"]
[Termination "Giantgoogachess won by resignation"]

1. d4 d5 2. c4 c6 3. Nf3 e6 4. e3 Nf6 5. Nc3 Be7 6. Be2 O-O 7. O-O dxc4 8. Bxc4 b5 9. Bd3 a6 10. e4 c5 11. e5 Nd5 12. Qe2 Bb7 13. Qe4 g6 14. Bh6 Re8 15. dxc5 Qc7 16. Nxd5 Bxd5 17. Qf4 Nd7 18. Be4 Bxe4 19. Qxe4 Nxc5 20. Qf4 Rad8 21. Ng5 Bf8 22. Qh4 Qxe5 23. Bxf8 Kxf8 24. Rae1 Qg7 25.
Nxh7+ Kg8 26. Nf6+ Kf8 27. Nxe8 Kxe8 28. Rd1 Nd3 29. Qe4 Qd4 30. Qc6+ Ke7 31. Qxa6 Qd5 32. a3 e5 33. Qa7+ Kf8 34. Qe3 Kg7 35. Rd2 f5 36.
Rfd1 e4 37. f3 Rd6 38. fxe4 fxe4 39. h3 Re6 40. Rf1 Qe5 41. b3 Nc5 42. a4 bxa4 43. bxa4 Nxa4 44. Rdf2 Re7 45. Rd2 Nc3 46. Re1 Nd5 47.
Qd4 e3 48. Qxe5+ Rxe5 49. Rd3 Kf6 50. g3 Kf5 51. Rd4 Ke6 52. Kg2 Nf6 53. Kf3 Rf5+ 54. Kxe3 Re5+ 55. Kf2 Rxe1 56. Kxe1 Kf5 57. Kf2 Nh7 58.
g4+ Kg5 59. Kg3 Kf6 60. h4 Kg7 61. Kf4 Nf6 62. Ra4 Nd5+ 63. Kg5 Ne7 64. Ra7 Kf7 65. Rxe7+ Kxe7 66. Kxg6 Kf8 67. h5 Kg8 68. g5 Kh8 69. h6 Kg8 70. Kf6 Kh8 71. g6 Kg8 72. g7 Kh7 73. Kf7 Kxh6 74. g8=Q Kh5 75. Qg3 1-0

[Event "Early-Titled-Tuesday-Blitz-May-28-2024"]
[Site "Chess.com"]
[Date "2024.05.28"]
[Round "10"]
[White "AustinThomas12345"]
[Black "Nasrin_Babayeva"]
[Result "0-1"]
[WhiteElo "2492"]
[BlackElo "2001"]
[TimeControl "180+1"]
[EndTime "9:59:17 PDT"]
[Termination "Nasrin_Babayeva won on time"]

1. d4 d6 2. c4 e5 3. dxe5 dxe5 4. Qxd8+ Kxd8 5. Nc3 Be6 6. b3 f6 7. Bb2 c6 8. O-O-O+ Kc7 9. e3 Nd7 10. Be2 a5 11.
Nf3 Nc5 12. Rd2 g5 13. Rhd1 h5 14. Ne1 Bg4 15. f3 Be6 16. Nd3 Nh6 17. f4 e4 18.
Nf2 gxf4 19. Nfxe4 fxe3 20. Rd4 Nf5 21. Nxc5 Nxd4 22.
Nxe6+ Nxe6 23. Ne4 Be7 24. Nxf6 Bxf6 25. Bxf6 Rhf8 26.
Be5+ Kb6 27. Bxh5 Rf5 28. c5+ Nxc5 29. Bd4 Rxh5 30. Bxe3 Re8 31. Re1 Rhe5 32. Kd2 Kb5 33.
a4+ Kb4 34. h4 Nxb3+ 35. Kd3 Nc5+ 36. Kd2 Nxa4 37. Rb1+ Kc4 38. Rc1+ Kb5 39. Rb1+ Ka6 40. Rb3 Rd5+ 41. Ke2 b5 42. g4 Rde5 43. Kf2 b4 44. g5 c5 45. Bf4 Rf5 46. Rf3 c4 47. g6 Ref8 48. g7 Rg8 49. Bh6 Rxf3+ 50. Kxf3 b3 51. Bc1 b2 52. Bxb2 Nxb2 53. h5 Rxg7 54. h6 Rh7 55. Ke3 Rxh6 56. Kd2 a4 57. Kc3 a3 58.
Kc2 Rh2+ 59. Kb1 c3 60. Ka2 c2 61. Ka1 c1=Q+ 62. Ka2 Nc4+ 63. Kb3 Qc2+ 64. Kb4 a2 65.
Kc5 Na3+ 66. Kd4 Rd2+ 67. Ke3 Qd3+ 68. Kf4 Rf2+ 69. Kg5 Qg3+ 0-1

[Event "Early-Titled-Tuesday-Blitz-May-28-2024"]
[Site "Chess.com"]
[Date "2024.05.28"]
[Round "10"]
[White "MikeWizard"]
[Black "Fore_Man"]
[Result "1/2-1/2"]
[WhiteElo "2021"]
[BlackElo "2216"]
[TimeControl "180+1"]
[EndTime "9:59:19 PDT"]
[Termination "Game drawn by stalemate"]

1. d4 d5 2. c4 e6 3. Nc3 a6 4.
cxd5 exd5 5. Nf3 c6 6. Bg5 Be7 7. Bxe7 Nxe7 8. e3 Bf5 9. Bd3 O-O 10. O-O Nd7 11. Rc1 Re8 12. Qc2 Bxd3 13. Qxd3 Nc8 14.
Na4 Nd6 15. Nc5 Nxc5 16. Rxc5 f6 17. Rfc1 Qd7 18. Nd2 h5 19. Qe2 Qg4 20. Qxg4 hxg4 21. b4 Kf7 22. a4 Rh8 23. f3 gxf3 24. gxf3 Rae8 25. R1c3 Nf5 26. Nf1 Nd6 27. b5 axb5 28.
axb5 Nxb5 29. Rb3 Kg6 30. Kg2 Ra8 31. Rc2 Ra3 32. Rxa3 Nxa3 33. Ra2 Nb5 34. Rb2 Ra8 35. Ng3 Ra3 36. Kf2 Nc3 37. Rxb7 Nd1+ 38. Ke2 Nxe3 39. Rc7 Nc4 40. Rxc6 Ra2+ 41. Kd3 Rxh2 42. Rc5 Rh3 43. Rxd5 Nb2+ 44. Kc2 Rxg3 45. Kxb2 Rxf3 46. Kc2 f5 47. Rd7 Kf6 48. Kd2 g5 49. Ke2 g4 50. Rd8 Ke7 51.
Rg8 Kd6 52. Rd8+ Ke6 53. Kd2 g3 54. Ke1 Rf2 55. Rg8 f4 56. Rg7 Kd5 57. Rd7+ Ke4 58. d5 Ra2 59. d6 g2 60. Rg7 Kf3 61. d7 Ra1+ 62. Kd2 Ra8 63. Kd3 Kf2 64. Ke4 f3 65. Rf7 g1=Q 66. Rxf3+ Ke2 67. Rf4 Qg2+ 68. Kf5 Qd5+ 69. Kg4 Qxd7+ 70. Kg5 Rg8+ 71. Kh6 Qd6+ 72. Kh5 Qxf4 1/2-1/2

[Event "Early-Titled-Tuesday-Blitz-May-28-2024"]
[Site "Chess.com"]
[Date "2024.05.28"]
[Round "10"]
[White "Zhigalko_Sergei"]
[Black "Daaksboy"]
[Result "1-0"]
[WhiteElo "2885"]
[BlackElo "2505"]
[TimeControl "180+1"]
[EndTime "9:59:21 PDT"]
[Termination "Zhigalko_Sergei won by resignation"]

1. e4 c5 2. Nf3 d6 3. d4 cxd4 4.
Qxd4 Nc6 5. Bb5 a6 6. Bxc6+ bxc6 7. c4 e5 8. Qd3 Ne7 9. O-O Ng6 10.
Be3 Be7 11. c5 d5 12. Rd1 Be6 13. exd5 cxd5 14. Nc3 e4 15. Nxe4 dxe4 16. Qxe4 Qc8 17. b4 O-O 18. Nd4 Bf6 19. Nxe6 Qxe6 20. Qxe6 fxe6 21. Rab1 Rab8 22. a4 Ne5 23. b5 axb5 24. axb5 Nc4 25. Bf4 e5 26. Bg3 Na3 27. Rb3 Rxb5 28.
Rxa3 Rxc5 29. h3 h6 30. Ra7 Rf7 31. Ra8+ Kh7 32. Re1 Rfc7 33. Raa1 Rb5 34. Ra2 Rd5 35. Rae2 Rcc5 36. f3 Kg6 37. Bf2 Rb5 38. Rc2 Rd6 39. Re4 Kh7 40. g3 Rb3 41. Re3 Rxe3 42. Bxe3 Rd3 43.
Kf2 Bg5 44. Bxg5 hxg5 45. Rc6 Ra3 46. Re6 g6 47. Rxe5 Kh6 48. Re2 Kh5 49. Rd2 Rb3 50.
Ke2 Ra3 51. Rd8 Ra2+ 52. Ke3 Kh6 53. Rd2 Ra3+ 54. Ke4 Ra4+ 55. Rd4 Ra3 56. Rd3 Ra4+ 57. Ke3 Rb4 58. g4 Ra4 59. Kf2 Kg7 60. Kg3 Kf6 61.
Rd6+ Kf7 62. Rb6 Ra3 63. Rb5 Rc3 64. Rxg5 Kg7 65. h4 Kf6 66. Ra5 Rb3 67. Ra6+ 1-0

[Event "Early-Titled-Tuesday-Blitz-May-28-2024"]
[Site "Chess.com"]
[Date "2024.05.28"]
[Round "10"]
[White "Muracle"]
[Black "chessburger_tv"]
[Result "1-0"]
[WhiteElo "2580"]
[BlackElo "2399"]
[TimeControl "180+1"]
[EndTime "9:59:24 PDT"]
[Termination "Muracle won by resignation"]

1. d4 Nf6 2. Nf3 d6 3. g3 g6 4.
Bg2 Bg7 5. O-O O-O 6. c4 c5 7.
dxc5 dxc5 8. Nc3 Nc6 9. Be3 Be6 10. Nd2 Qa5 11. Nb3 Qc7 12. Nd5 Qe5 13. Nxc5 Bxd5 14.
cxd5 Rfd8 15. Nd3 Rxd5 16. Nxe5 Rxd1 17. Rfxd1 Nxe5 18. Bxb7 Rb8 19. Bf4 Rxb7 20. Bxe5 Nd7 21. Bxg7 Kxg7 22. b3 Ne5 23. Rac1 h5 24. Rc8 h4 25.
Kg2 a5 26. Rd5 Ng4 27. Rxa5 h3+ 28. Kxh3 Nxf2+ 29. Kg2 Ng4 30. Kf3 Nxh2+ 31. Kf4 Rb4+ 32. Rc4 Rb6 33. b4 Rf6+ 34. Ke4 Ng4 35. Ra7 Re6+ 36. Kf4 f5 37. e4 Kf6 38. exf5 gxf5 39. Ra5 Nh6 40.
b5 Re1 41. Ra6+ e6 42. Rcc6 Ng4 43. Rxe6+ Rxe6 44. Rxe6+ Kxe6 45. a4 Ne5 46. b6 Nd3+ 47. Ke3 Nc5 48. Kd4 Na6 49. Kc4 Kd6 50. Kb5 Nc5 51.
a5 Ne6 52. a6 Nd4+ 53. Kc4 Nc6 54. a7 Na5+ 55. Kb5 Nb3 56. a8=Q Nd4+ 57. Ka6 Ne6 58.
Qb8+ Kd5 59. Qf4 Nc5+ 60. Ka7 Ke6 61. b7 Nd7 62. b8=Q Nf6 63. Ka6 Nd5 64. Qbe5+ Kf7 65. Qxd5+ Kg7 66. Qde5+ Kg6 67. Ka5 Kh7 68. Ka4 Kg8 69. Ka3 Kh7 70. Ka2 1-0

[Event "Early-Titled-Tuesday-Blitz-May-28-2024"]
[Site "Chess.com"]
[Date "2024.05.28"]
[Round "10"]
[White "igorkovalenko"]
[Black "HansOnTwitch"]
[Result "0-1"]
[WhiteElo "2907"]
[BlackElo "3125"]
[TimeControl "180+1"]
[EndTime "9:59:25 PDT"]
[Termination "HansOnTwitch won by checkmate"]

1. d4 Nf6 2. Bg5 d5 3. Nd2 c5 4. c3 Qb6 5. Qb3 Nc6 6. e3 c4 7. Qc2 g6 8. Bxf6 exf6 9. b3 cxb3 10. axb3 Be7 11. Bd3 O-O 12. Ne2 Be6 13. O-O Rac8 14. Qb2 a6 15. Rfc1 Qd8 16. Nf3 Bd6 17. h3 Kg7 18. e4 Re8 19. Re1 Bb8 20. Qb1 Qd7 21.
Ng3 Ne7 22. Qb2 Bxg3 23. fxg3 Qc7 24. c4 dxc4 25. bxc4 Qxg3 26. d5 Bxh3 27. Bf1 Bg4 28. e5 Ng8 29. exf6+ Nxf6 30. Ne5 Bf5 31. Re2 Be4 32.
Nd7 Qd6 33. Rf2 Qxd7 34. Rxf6 Kg8 35. Rb6 Re7 36. Ra3 Qc7 37. Rab3 Qc5+ 38. Qf2 Qxf2+ 39. Kxf2 Rb8 40. Rxa6 Rd8 41. Rab6 Rdd7 42. d6 Re5 43. Bd3 Bc6 44. Be2 Rxd6 45. Bf3 Rd2+ 46. Kg3 Bxf3 47.
gxf3 Re7 48. Rxb7 Rxb7 49. Rxb7 Rc2 50. Rc7 Kg7 51. Kf4 h5 52. c5 Rc4+ 53. Kg3 g5 54. c6 Kg6 55. Rc8 h4+ 56. Kg2 f6 57. c7 Kf5 58. Kh2 Rc3 59. Kg2 Rc2+ 60. Kh3 Rc6 61. Kh2 Rc3 62. Kg2 Rc5 63. Kh3 Rc2 64. f4 Kxf4 65.
Rf8 g4+ 66. Kxh4 Rh2# 0-1

[Event "Early-Titled-Tuesday-Blitz-May-28-2024"]
[Site "Chess.com"]
[Date "2024.05.28"]
[Round "10"]
[White "C_K_G"]
[Black "jbking07"]
[Result "1-0"]
[WhiteElo "2310"]
[BlackElo "2355"]
[TimeControl "180+1"]
[EndTime "9:59:26 PDT"]
[Termination "C_K_G won by checkmate"]

1. e4 c5 2. Nf3 d6 3. d4 cxd4 4. Nxd4 Nf6 5. Nc3 Nc6 6. Be2 e5 7. Nb3 h6 8. O-O Be6 9. Be3 Be7 10. f4 exf4 11. Bxf4 O-O 12. Bf3 Ne5 13. Kh1 Rc8 14. Rc1 Nxf3 15. Qxf3 d5 16. e5 Nd7 17. Nd4 Bg5 18. Rce1 Bxf4 19. Qxf4 Rc4 20. Qf2 Qb6 21.
Ncb5 a6 22. b3 Rb4 23. Nxe6 Qxf2 24. Rxf2 fxe6 25. Rxf8+ Kxf8 26. Nd6 Ke7 27. c3 Rf4 28.
Nxb7 Nxe5 29. g3 Rf5 30. Nc5 Kd6 31. b4 a5 32. h3 axb4 33. cxb4 Rf2 34. a3 Nc4 35.
Rxe6+ Kc7 36. Rg6 Nxa3 37. Rxg7+ Kb6 38. Rg6+ Kb5 39. Rxh6 Rf3 40. Kg2 Re3 41. Re6 Rxe6 42. Nxe6 Kxb4 43. h4 Nb5 44. h5 Nd6 45. h6 Nf7 46. h7 Kc3 47. g4 d4 48. g5 Nh8 49.
Nf4 d3 50. g6 Nxg6 51. Nxg6 d2 52. h8=Q+ Kc2 53. Qc8+ Kb1 54. Qb7+ Kc2 55. Qc6+ Kb1 56. Qb5+ Kc2 57. Qc4+ Kb2 58. Qd3 Kc1 59. Qc3+ Kd1 60. Kf3 Ke1 61. Qe3+ Kd1 62. Kf2 Kc1 63. Ke2 Kb1 64.
Qxd2 Ka1 65. Kd3 Kb1 66. Kc3 Ka1 67. Qb2# 1-0

[Event "Early-Titled-Tuesday-Blitz-May-28-2024"]
[Site "Chess.com"]
[Date "2024.05.28"]
[Round "10"]
[White "salomez"]
[Black "MathiasWomacka"]
[Result "1-0"]
[WhiteElo "2360"]
[BlackElo "2499"]
[TimeControl "180+1"]
[EndTime "9:59:33 PDT"]
[Termination "salomez won on time"]

1. e4 c5 2. Nf3 d6 3. d4 cxd4 4. Nxd4 Nf6 5. Nc3 a6 6. Bc4 e6 7.
Bb3 b5 8. O-O Be7 9. Qf3 Qb6 10.
Be3 Qb7 11. Qg3 b4 12. Na4 Nbd7 13. f3 O-O 14. Rfd1 Ne5 15. Ne2 Bd7 16. Nb6 Rab8 17. c3 bxc3 18. Nxc3 Bc6 19. Rd2 Bd8 20. Nc4 Nxc4 21. Bxc4 Bb6 22. Bxb6 Qxb6+ 23. Qf2 d5 24.
exd5 Nxd5 25. Nxd5 Bxd5 26. Bxd5 exd5 27. Qxb6 Rxb6 28.
b3 Rd8 29. Rad1 Rb5 30. Kf2 Kf8 31. Ke3 Ke7 32. Kd4 Kd6 33. Rc2 Rb4+ 34. Kd3 a5 35.
Rdc1 a4 36. Rc6+ Ke7 37. Rc7+ Rd7 38. Rxd7+ Kxd7 39. bxa4 Rxa4 40. Rc2 Kd6 41. Rb2 Kc5 42.
Rc2+ Kd6 43. Rb2 g5 44. h3 h5 45. Ke3 h4 46. Kd3 Ke5 47. Ke3 Ra3+ 48. Kf2 f6 49.
Ke2 Kf4 50. Kf2 Ke5 51. Ke2 d4 52. Rb5+ Kf4 53. Rb2 Kg3 54. Kf1 Rc3 55. Rb6 Rc1+ 56.
Ke2 Kxg2 57. Rxf6 Rc2+ 58. Kd3 Rxa2 59. Rg6 Kxf3 60. Rxg5 Ra3+ 61. Kxd4 Kf2 62. Rg4 Rxh3 63. Ke4 Rh2 64. Rg8 h3 65. Rh8 Kg1 66. Kf4 1-0

[Event "Early-Titled-Tuesday-Blitz-May-28-2024"]
[Site "Chess.com"]
[Date "2024.05.28"]
[Round "10"]
[White "HamedWafa4"]
[Black "amanjazu"]
[Result "0-1"]
[WhiteElo "2767"]
[BlackElo "2596"]
[TimeControl "180+1"]
[EndTime "9:59:34 PDT"]
[Termination "amanjazu won by checkmate"]

1. e4 c5 2. Nf3 Nc6 3. Nc3 e6 4. d4 cxd4 5. Nxd4 Qc7 6. g3 Nf6 7. Bg2 a6 8. O-O Bc5 9. Nxc6 bxc6 10. Re1 e5 11. Bg5 h6 12. Bxf6 gxf6 13. Na4 Bd4 14.
c3 Ba7 15. Qf3 Ke7 16. Rad1 d6 17. Qh5 Be6 18. b3 Rag8 19. Bh3 Rg5 20. Qh4 Qd7 21. Bxe6 Qxe6 22. Kg2 Rg4 23. Qh5 Rg5 24. Qh4 Rg4 25. Qh3 h5 26. f3 Rgg8 27. Qxe6+ fxe6 28. Nb2 d5 29. Nd3 Kd6 30. f4 Re8 31. Re2 h4 32.
Rde1 hxg3 33. hxg3 exf4 34. Nxf4 e5 35. Ng6 Rhg8 36.
Nh4 Ke6 37. Rd1 Rg4 38. Nf5 Bc5 39. Kf3 Reg8 40. b4 Bf8 41. Kg2 dxe4 42. Rf1 R8g5 43. Ref2 e3 44. Nxe3 Rxg3+ 45. Kh2 Rxe3 46. Rxf6+ Kd5 47.
Rxf8 Rxc3 48. R8f6 Rc2+ 49. Kh3 Rgg2 50. Rd1+ Rgd2 51. Re1 Rd3+ 52. Kg4 Rh2 53. Rf5 Rg2+ 54. Kh4 Rd4+ 55. Kh3 Re4 56. Rd1+ Ke6 57. Rf8 Rg7 58. Re8+ Re7 59. Rh8 Rf4 60. Rh6+ Rf6 61. Rh8 Rg7 62.
Re8+ Re7 63. Red8 e4 64. Kg3 Ke5 65. Re1 Rg7+ 66. Kh4 Rh6# 0-1

[Event "Early-Titled-Tuesday-Blitz-May-28-2024"]
[Site "Chess.com"]
[Date "2024.05.28"]
[Round "10"]
[White "djano"]
[Black "Eliwood44"]
[Result "1-0"]
[WhiteElo "2591"]
[BlackElo "2464"]
[TimeControl "180+1"]
[EndTime "9:59:39 PDT"]
[Termination "djano won by resignation"]

1. Nf3 Nc6 2. e4 e5 3. d4 exd4 4. Bc4 Nf6 5. Ng5 d5 6. exd5 Qe7+ 7. Kf1 Na5 8. b3 Nxc4 9. bxc4 Qc5 10. Qe2+ Qe7 11.
Qd3 h6 12. Ba3 Qd7 13. Bxf8 Kxf8 14. Nf3 c6 15. Qxd4 cxd5 16. cxd5 Qxd5 17. Qb4+ Kg8 18. Nc3 Qc6 19. Ne5 Qa6+ 20. Kg1 Be6 21. Rd1 Kh7 22. h3 Rhc8 23. Kh2 Kg8 24. Rd6 b6 25. Rhd1 Qb7 26. R1d3 Qc7 27. f4 Qc5 28. a3 Qf2 29. Rd2 Qe3 30.
R2d3 Qc5 31. Qd4 Bf5 32. Rg3 Qxd4 33. Rxd4 Nh5 34. Re3 Bxc2 35. Nd5 Rd8 36. g4 Nxf4 37. Ne7+ Kf8 38. Rxf4 Kxe7 39. Nc6+ Kf8 40. Nxd8 Rxd8 41. Rc3 Bg6 42. Rc7 Rd2+ 43. Kg3 Rd3+ 44. Rf3 Rxf3+ 45.
Kxf3 a6 46. Kf4 Bd3 47. Ke5 b5 48.
Kd6 g6 49. Ra7 Bf1 50. h4 g5 51. hxg5 hxg5 52. Rxa6 Be2 53. Ra5 Kg7 54. Ke5 Kg6 55.
Ra6+ Kg7 56. Rb6 Bd3 57. Rd6 Bc2 58. Rb6 Bd3 59. Kd4 Bf1 60. Ke4 f6 61. Kf5 Bd3+ 62. Ke6 Kg6 63. Ke7 Be2 64. Rxf6+ Kg7 65. Rb6 Bxg4 66. Rxb5 Kg6 67. Rb6+ Kf5 68. Rb5+ Kf4 69. Rb4+ Kf5 70. a4 Bf3 71. a5 g4 72. Rb3 Kf4 73. a6 g3 74. Rxf3+ Kxf3 75. a7 g2 76. a8=Q+ Kf2 77.
Qa7+ Kf1 78. Qa1+ Kf2 79. Qb2+ Kg1 80. Qc1+ Kh2 81. Qf4+ Kh3 82. Qf3+ Kh2 83. Qf2 Kh1 84. Qh4+ Kg1 85. Kf6 Kf1 86. Qf4+ Kg1 87. Qe3+ Kh1 88. Qh3+ Kg1 89. Ke5 Kf2 90. Qh2 Kf3 91. Qg1 1-0

[Event "Early-Titled-Tuesday-Blitz-May-28-2024"]
[Site "Chess.com"]
[Date "2024.05.28"]
[Round "10"]
[White "luca_va99"]
[Black "SuperGPatzer"]
[Result "1/2-1/2"]
[WhiteElo "2190"]
[BlackElo "2059"]
[TimeControl "180+1"]
[EndTime "9:59:40 PDT"]
[Termination "Game drawn - insufficient material"]

1. b3 e5 2. Bb2 Nc6 3. e3 Nf6 4. Bb5 Bd6 5. Nf3 Qe7 6. d4 exd4 7. Nxd4 Nxd4 8. Qxd4 c6 9. Bd3 Bc7 10. Nd2 d5 11.
O-O-O Bg4 12. f3 Bh5 13. e4 O-O 14. e5 Nd7 15. Rde1 Bb6 16. Qf4 Bg6 17. Bxg6 hxg6 18. h4 Nc5 19. h5 Ne6 20. Qh2 g5 21. h6 g6 22. h7+ Kh8 23. Qh6 Rfe8 24. Nf1 Qf8 25.
Qh3 Qg7 26. Ne3 Bxe3+ 27. Rxe3 d4 28. Re4 c5 29. c3 Rad8 30. cxd4 cxd4 31. Rd1 Rd5 32.
Kb1 Red8 33. Rd3 Rxe5 34. Qg4 Rxe4 35. Qxe4 Qf6 36. Qxb7 Qf5 37. Qe4 Qxe4 38. fxe4 Kxh7 39. b4 Kg7 40. a4 Kf6 41. Kc2 Ke5 42. Kb3 Kxe4 43. Rd1 d3 44. Re1+ Kf4 45. Kc3 Kg3 46.
Rf1 Kxg2 47. Rd1 Nf4 48. b5 f5 49. a5 Rc8+ 50. Kb4 Rc2 51. Be5 Kf3 52. Bxf4 gxf4 53. Rxd3+ Ke4 54. Rb3 f3 55. b6 f2 56. Rb1 Rb2+ 57.
Rxb2 f1=Q 58. Kc5 axb6+ 59. Kxb6 Qc4 60. Rb5 Qc8 61. a6 g5 62. a7 g4 63. Rc5 Qd8+ 64.
Kb7 g3 65. Rc8 Qd5+ 66. Kb6 Qd4+ 67. Kb7 Qxa7+ 68. Kxa7 g2 69. Rg8 Kf3 70. Kb6 f4 71.
Kc5 Kf2 72. Kd4 f3 73. Ke4 Ke2 74. Rg3 f2 75. Rxg2 Ke1 76. Rxf2 Kxf2 1/2-1/2

[Event "Early-Titled-Tuesday-Blitz-May-28-2024"]
[Site "Chess.com"]
[Date "2024.05.28"]
[Round "10"]
[White "Louis-Paulsen-Fan"]
[Black "RantomOpening"]
[Result "0-1"]
[WhiteElo "2328"]
[BlackElo "2564"]
[TimeControl "180+1"]
[EndTime "9:59:41 PDT"]
[Termination "RantomOpening won by checkmate"]

1. d4 d5 2. Nf3 e6 3. c4 Nf6 4. Nc3 a6 5. cxd5 exd5 6. Bg5 c6 7. e3 Be6 8. Bd3 Bd6 9. Ne5 c5 10. O-O Nc6 11. Nxc6 bxc6 12. dxc5 Bxc5 13. Rc1 Bd6 14. Qe2 O-O 15. Bxa6 Rxa6 16. Qxa6 Bxh2+ 17. Kh1 Bd6 18. Qxc6 Be7 19. Rfd1 Ng4 20. Bf4 Nxf2+ 21. Kg1 Nxd1 22. Rxd1 Qa5 23. Nxd5 Bc5 24. Qc7 Qa4 25. b3 Qb5 26.
Ne7+ Bxe7 27. Qxe7 Qe2 28. Rf1 Qxa2 29. b4 h6 30. Be5 Bd5 31. Rf2 Qb1+ 32. Kh2 Qe4 33.
Bd6 Qxe7 34. Bxe7 Re8 35. Bc5 Bc6 36. Rd2 Re6 37. Rd8+ Kh7 38. Rb8 Rg6 39. g3 Rf6 40. b5 Rf2+ 41. Kg1 Rg2+ 42. Kf1 Bd5 43. b6 Rxg3 44.
Rd8 Rg5 45. Rd7 Bc6 46. b7 Bxb7 47. Rxb7 Rxc5 48. Rxf7 Kg6 49. Ra7 h5 50. Kf2 Rg5 51.
Kf3 Rg1 52. Ra5 Kh6 53. Rb5 g5 54. Rb6+ Kg7 55. Kf2 Rc1 56. Kf3 Rf1+ 57. Kg2 Rf6 58. Rb7+ Kg6 59. Kg3 Re6 60. Kf3 g4+ 61. Kf4 Rf6+ 62.
Ke4 h4 63. Rb8 Kg7 64. Rb2 h3 65. Rh2 g3 66. Rxh3 g2 67. Rg3+ Rg6 68. Rxg6+ Kxg6 69. Kf3 g1=Q 70. e4 Kg5 71. e5 Qd4 72. e6 Qe5 73. e7 Qxe7 74. Kf2 Kg4 75. Kg2 Qe2+ 76. Kg1 Kg3 77. Kh1 Qh2# 0-1

[Event "Early-Titled-Tuesday-Blitz-May-28-2024"]
[Site "Chess.com"]
[Date "2024.05.28"]
[Round "10"]
[White "stollenmonster"]
[Black "vishwa_vijeta"]
[Result "1/2-1/2"]
[WhiteElo "2860"]
[BlackElo "2642"]
[TimeControl "180+1"]
[EndTime "9:59:42 PDT"]
[Termination "Game drawn - insufficient material"]

1. e4 c5 2. Nf3 d6 3. d4 cxd4 4. Nxd4 Nf6 5. Nc3 g6 6. g3 Bg7 7.
Bg2 O-O 8. h3 Nc6 9. Nde2 Rb8 10. a4 a6 11. O-O b5 12. axb5 axb5 13. Be3 b4 14. Nd5 Nxd5 15. exd5 Ne5 16. b3 Bd7 17. f4 Ng4 18. hxg4 Bxa1 19. Qxa1 Bxg4 20. Nd4 Ra8 21.
Qc1 Qd7 22. f5 Rac8 23. Bh6 Qa7 24. Be3 Qd7 25. Kh1 gxf5 26. Bh6 Kh8 27. Bxf8 Rxf8 28. Re1 Re8 29. Qg5 Qc7 30. Nxf5 Rg8 31. Qf4 Bxf5 32. Qxf5 Rxg3 33. Qe4 Qc3 34. Rf1 Qg7 35. Rf4 Qh6+ 36. Kg1 Rg7 37. Rf2 Qc1+ 38. Rf1 Qg5 39. Qf3 e5 40. dxe6 fxe6 41. Qf8+ Rg8 42. Qf6+ Rg7 43. Qxg5 Rxg5 44. Rf6 Re5 45. Rf8+ Kg7 46. Rb8 Rc5 47. Be4 d5 48. Bd3 e5 49. Rb7+ Kf6 50. Rxb4 e4 51. Rb5 Rc3 52. Bf1 Ke6 53. b4 Rxc2 54. Rb8 d4 55. b5 d3 56. b6 d2 57. Rd8 e3 58.
Rd3 Rb2 59. Rxe3+ Kf5 60. Rf3+ Ke4 61. Rd3 Rxb6 62. Rxd2 Kf4 63. Rf2+ Kg5 64. Rg2+ Kh6 65. Bd3 Rd6 66. Rg3 Rd5 67. Kg2 Rg5 68. Kh3 Rxg3+ 69.
Kxg3 Kg5 70. Bxh7 1/2-1/2

[Event "Early-Titled-Tuesday-Blitz-May-28-2024"]
[Site "Chess.com"]
[Date "2024.05.28"]
[Round "10"]
[White "dmosesov"]
[Black "McCarthyStone"]
[Result "1-0"]
[WhiteElo "2665"]
[BlackElo "2473"]
[TimeControl "180+1"]
[EndTime "9:59:43 PDT"]
[Termination "dmosesov won by resignation"]

1. Nf3 d6 2. d4 Nf6 3. b3 g6 4.
Bb2 Bg7 5. g3 O-O 6. Bg2 Bf5 7.
O-O Qd7 8. Nh4 Bh3 9. Bxb7 Bxf1 10. Qxf1 Nc6 11. Bxa8 Rxa8 12. Nd2 a5 13. a4 Nb4 14. Rc1 h5 15. e3 Rb8 16. Nc4 Ne4 17. f3 Ng5 18. Nxa5 Nh3+ 19. Kh1 g5 20. Ng2 Qf5 21. Nc4 d5 22. Nd2 Nxc2 23. e4 dxe4 24. Rxc2 exf3 25. Rc5 fxg2+ 26. Kxg2 Qg4 27. Qf3 Nf4+ 28. Kf2 Nh3+ 29. Kg2 Nf4+ 30. Kf2 Qxf3+ 31. Kxf3 Ne6 32. Rc4 g4+ 33.
Ke2 c5 34. d5 Nd4+ 35. Bxd4 Bxd4 36. a5 Rb5 37. Ra4 Rb7 38. a6 Ra7 39. Nc4 Kf8 40. Kd3 Ke8 41. d6 exd6 42. Nxd6+ Kd7 43. Nb5 Ra8 44. Nxd4 cxd4 45. Kxd4 Kd6 46. b4 f5 47.
b5 Kc7 48. Kc5 Re8 49. b6+ Kb8 50. Rd4 Rc8+ 51. Kb5 Re8 52. Rd7 Re5+ 53. Kc4 Re4+ 54. Kd5 Re8 55. Rf7 h4 56. Rxf5 hxg3 57. hxg3 Rd8+ 58.
Kc6 Rc8+ 59. Kb5 Re8 60. Rg5 Ka8 61. Rxg4 Re5+ 62. Kb4 Re8 63. Rg6 Rb8 64. Ka5 Rf8 65. Rg5 Rc8 66. g4 Rd8 67. Rf5 Kb8 68. g5 Kc8 69. g6 Rd1 70. Rf8+ Kd7 71. b7 Ra1+ 72. Kb6 Rb1+ 73. Ka7 Ke7 74. b8=Q Rb6 75. Qxb6 Kxf8 76. Qc7 1-0

[Event "Early-Titled-Tuesday-Blitz-May-28-2024"]
[Site "Chess.com"]
[Date "2024.05.28"]
[Round "10"]
[White "Pomegranate988"]
[Black "Aygehovit1992"]
[Result "1-0"]
[WhiteElo "2680"]
[BlackElo "2813"]
[TimeControl "180+1"]
[EndTime "9:59:45 PDT"]
[Termination "Pomegranate988 won by resignation"]

1. Nf3 Nf6 2. g3 b5 3. Na3 a6 4.
Bg2 Bb7 5. c4 e6 6. b3 Bxa3 7. Bxa3 d6 8. O-O Nbd7 9. d4 O-O 10.
Rc1 Be4 11. Bh3 h6 12. Nd2 Bb7 13. Qc2 c5 14. dxc5 Nxc5 15. Rfd1 Qa5 16. Bb2 Nfe4 17. Bg2 Nxd2 18. Bc3 Qb6 19. Bxb7 Qxb7 20. Bxd2 Rac8 21.
Bf4 e5 22. Be3 Ne4 23. f3 Nf6 24. Qf5 bxc4 25. bxc4 d5 26. c5 d4 27. Bxh6 Qd5 28.
Bg5 Nd7 29. Be7 Rfe8 30. Bd6 Nxc5 31. Bxc5 Rxc5 32. Rxc5 Qxc5 33. Kg2 g6 34. Qe4 Rb8 35. Rd2 Rb5 36. h4 Kg7 37. h5 Qd5 38. Qh4 Rb6 39. Rc2 Rc6 40. Rxc6 Qxc6 41. hxg6 Qxg6 42. Qe7 Qf5 43.
Qd6 Qf6 44. Qd5 Kg6 45. a4 Qb6 46. a5 Qf6 47. Qe4+ Qf5 48. Qd5 Qf6 49. g4 Qe7 50. Qe4+ Kg7 51. Qc6 Qf6 52. Qd5 Kg6 53.
Qe4+ Kg5 54. Qd3 Qe6 55. Qd2+ Kf6 56. Kg3 Ke7 57. Qb4+ Kd7 58. Qb7+ Ke8 59. Qb8+ Ke7 60. Qc7+ Kf6 61. Qd8+ Kg6 62. Qg8+ Kf6 63. Qh8+ Ke7 64. Qb8 Qd6 65. Qb7+ Ke6 66. Kf2 Kf6 67. Qb3 Qe6 68. Qd3 Qd5 69. Qxa6+ Kg5 70. Qb6 e4 71. a6 e3+ 72.
Kg2 d3 73. Qxe3+ Kh4 74. Qxd3 Qe5 75. Qh7+ Kg5 76. Qh5+ Kf4 77. Qxe5+ Kxe5 78. a7 1-0

[Event "Early-Titled-Tuesday-Blitz-May-28-2024"]
[Site "Chess.com"]
[Date "2024.05.28"]
[Round "10"]
[White "Kirill_Klukin"]
[Black "KhBegmuratov"]
[Result "1/2-1/2"]
[WhiteElo "2872"]
[BlackElo "2708"]
[TimeControl "180+1"]
[EndTime "9:59:48 PDT"]
[Termination "Game drawn - insufficient material"]

1. d4 Nf6 2. c4 e6 3. Nc3 Bb4 4. e3 O-O 5. Bd2 d5 6. Nf3 b6 7.
cxd5 exd5 8. Bd3 Ba6 9. Bxa6 Nxa6 10. O-O c5 11. Qa4 Qc8 12. dxc5 bxc5 13. Rac1 Qb7 14.
Rfd1 c4 15. Qb5 Qxb5 16. Nxb5 Bxd2 17. Rxd2 Nc5 18. Ne1 Nce4 19. Rdc2 Rab8 20. Nd4 Rb6 21. b3 Nd6 22. Nef3 Nfe4 23. Ne5 Re8 24. bxc4 Rxe5 25. c5 Nxc5 26. Rxc5 h5 27. h3 Kh7 28. Nf3 Rf5 29.
Ra5 a6 30. Rd1 Nb5 31. Rc1 g5 32. a4 Nd6 33. Rd1 g4 34. Nh4 Re5 35. Raxd5 Rxd5 36. Rxd5 Ne4 37. Rxh5+ Kg8 38. hxg4 Rb1+ 39. Kh2 Nxf2 40.
Kg3 Ne4+ 41. Kf4 Nf6 42. Rf5 Rb4+ 43. Kf3 Nd7 44. Ra5 Kg7 45. Nf5+ Kh7 46. Nd4 Rb6 47. Rh5+ Kg7 48. Rg5+ Kf8 49. Rd5 Ke8 50. g5 Rb4 51.
a5 Rb2 52. g4 Ke7 53. Nf5+ Kd8 54. Rd6 Ke8 55. Rxa6 Ne5+ 56. Ke4 Nxg4 57. Nd6+ Ke7 58. Nc4 Rb4 59. Kd4 Kd7 60. Ra7+ Kc6 61. Rxf7 Rxc4+ 62. Kxc4 Ne5+ 63. Kd4 Nxf7 64. g6 Nh6 65. Ke5 Kb5 66. Kd6 Kxa5 67. e4 Kb6 68. e5 Kb7 69. Kd7 Ng4 70.
e6 Ne5+ 71. Ke7 Nxg6+ 72. Kf6 Nf4 73. e7 Nd5+ 74. Ke6 Nxe7 1/2-1/2